[Event "Team 45 45 League T40"]
[Site "Internet Chess Club"]
[Date "2009.03.01"]
[Round "5"]
[White "Lionskins"]
[Black "badmove"]
[Result "0-1"]
[WhiteElo "1574"]
[BlackElo "1593"]
[Opening "English opening"]
[ECO "A04"]
[Time "16:00:39"]
[TimeControl "2700+45"]

1. Nf3 d6 2. c4 e5 3. Nc3 f5 4. e3 Nf6 5. h3 Be7 6. a3 c6 7. b4 Nbd7 8. Qb3 b6
9. Bb2 c5 10. Ng5 Nf8 11. Qa4+ Bd7 12. Qc2 e4 13. b5 h6 14. Ngxe4 fxe4 15. Nxe4
Be6 16. Ng3 Qc7 17. Be2 h5 18. Bf3 O-O-O 19. Nf5 g6 20. Nxe7+ Qxe7 21. Bc6 d5
22. Qa4 Rd7 23. Qa6+ Kd8 24. Bxd7 Bxd7 25. Qxa7 Qd6 26. Qa8+ Ke7 27. cxd5 Rg8
28. Bxf6+ Qxf6 29. Rb1 Kf7 30. Qb7 Kg7 31. a4 Qf5 32. Ke2 c4 33. Rhc1 Qd3+ 34.
Ke1 Kh6 35. Qc7 Qe4 36. Qf4+ Qxf4 37. exf4 Bf5 38. Ra1 Nd7 39. f3 Nc5 40. Rxc4
Re8+ 41. Kd1 Nd3 42. d6 Nb2+ 43. Kc1 Nxc4 44. Kd1 Rd8 45. g4 hxg4 46. hxg4 Be6
47. Ke2 Rxd6 48. d3 Na5 49. Ke3 Bd7 50. Rh1+ Kg7 51. Ke4 Re6+ 52. Kd4 Rf6 53.
Ke5 Re6+ 54. Kd4 Nb3+ 55. Kc3 Nc5 56. Kd2 Rd6 57. Ke2 Nxa4 58. Rc1 Nc5 59. Rxc5
bxc5 60. Ke3 Bxb5 {White resigns} 0-1

[Event "Team 45 45 League T40"]
[Site "Internet Chess Club"]
[Date "2009.03.02"]
[Round "5"]
[White "xakelari"]
[Black "Ianjo"]
[Result "1/2-1/2"]
[WhiteElo "2053"]
[BlackElo "1886"]
[Opening "Two knights defense (Modern bishop's opening)"]
[ECO "C55"]
[Time "15:30:14"]
[TimeControl "2700+45"]

1. e4 e5 2. Nf3 Nc6 3. Bc4 Nf6 4. d3 Be7 5. a3 O-O 6. O-O d6 7. Be3 Bg4 8. Nbd2
Qd7 9. h3 Be6 10. Bxe6 fxe6 11. d4 exd4 12. Nxd4 Nxd4 13. Bxd4 c5 14. Be3 Qc6
15. f3 d5 16. exd5 Nxd5 17. Qe2 Bf6 18. c3 Rae8 19. Ne4 Be7 20. Rad1 b6 21. c4
Nxe3 22. Qxe3 Rd8 23. Qe2 Rd4 24. Nc3 Rfd8 25. Nb5 Rxd1 26. Rxd1 Rxd1+ 27. Qxd1
a6 28. Nc3 Bf6 29. Qd3 Bxc3 30. Qxc3 Qd6 31. Kf2 Kf7 32. Ke3 e5 33. Ke2 Qd4 34.
Qc2 Kf6 35. b3 h6 36. a4 Qg1 37. Kd3 Qd4+ {Game drawn by mutual agreement}
1/2-1/2

[Event "Team 45 45 League T40"]
[Site "Internet Chess Club"]
[Date "2009.03.02"]
[Round "5"]
[White "Frieloe"]
[Black "chipionero"]
[Result "1/2-1/2"]
[WhiteElo "1872"]
[BlackElo "1721"]
[Opening "Sicilian: Najdorf"]
[ECO "B90"]
[Time "12:56:31"]
[TimeControl "2700+45"]

1. e4 c5 2. Nf3 d6 3. d4 cxd4 4. Nxd4 Nf6 5. Nc3 a6 6. f3 e5 7. Nb3 Be6 8. Bg5
Be7 9. Qd2 Nbd7 10. O-O-O O-O 11. Kb1 Qc7 12. g4 Rfc8 13. Be3 b5 14. g5 Nh5 15.
Nd5 Bxd5 16. exd5 Nb6 17. Bxb6 Qxb6 18. Bd3 Nf4 19. Bf5 Rcb8 20. h4 a5 21. Nc1
Nh5 22. Rhg1 a4 23. Rg2 a3 24. b3 Nf4 25. Rgg1 Ra7 26. Ne2 Nxe2 27. Qxe2 Qc5 28.
Rg2 Qc3 29. Kc1 Rc7 30. Qd3 Qb2+ 31. Kd2 Qxa2 32. Rgg1 Qb2 33. Rb1 Qd4 34. Qxd4
exd4 35. Ra1 b4 36. Rg4 g6 37. Bd3 f6 38. f4 f5 39. Rg2 Bf8 40. Rg3 Re7 41. h5
Bg7 42. h6 Re3 43. Rg2 Bh8 44. Rf2 Rbe8 45. Rff1 Rg3 46. Kc1 Ree3 47. Kb1 Rgf3
48. Ka2 Rxf1 49. Rxf1 Kf7 50. Rf2 Ke7 51. Rf1 Kd7 52. Rf2 Kc7 53. Rf1 Kb6 54.
Rf2 Kc5 55. Rf1 Kxd5 56. Rf2 Rg3 {Game drawn by mutual agreement} 1/2-1/2

[Event "Team 45 45 League T40"]
[Site "Internet Chess Club"]
[Date "2009.02.28"]
[Round "5"]
[White "IceBox"]
[Black "LuxAeterna"]
[Result "1-0"]
[WhiteElo "1751"]
[BlackElo "1799"]
[Opening "QGD Slav defense"]
[ECO "D10"]
[Time "11:00:18"]
[TimeControl "2700+45"]

1. d4 c6 2. c4 d5 3. Nc3 Nf6 4. Bg5 Qb6 5. Bc1 Bf5 6. e3 e6 7. cxd5 Nxd5 8. Bd3
Bg6 9. Nge2 Nd7 10. O-O Bd6 11. e4 Nb4 12. Bb1 c5 13. Be3 O-O 14. a3 Na6 15.
dxc5 Naxc5 16. b4 Qc7 17. bxc5 Bxh2+ 18. Kh1 Rad8 19. Qc1 Be5 20. Ra2 f5 21. Bd4
fxe4 22. Bxe4 Bxe4 23. Nxe4 Bxd4 24. Nxd4 Rf4 25. f3 Qe5 26. Ne2 Rh4+ 27. Kg1
Qh2+ 28. Kf2 Qe5 29. Rc2 Rf8 30. Ke1 Qh2 31. Qg5 Rh6 32. Qg3 Qh5 33. c6 bxc6 34.
Rxc6 Qa5+ 35. Rc3 Qb5 36. Qc7 a5 37. Qc4 Qb1+ 38. Rc1 Qb6 39. Qc6 Qxc6 40. Rxc6
Ne5 41. Ra6 Rh5 42. Rxe6 Rb8 43. Kf2 Nc4 44. a4 Rb2 45. Nd6 Nxd6 46. Rxd6 Ra2
47. Rd4 Rc5 48. g4 Rcc2 49. Re1 h6 50. Re4 Ra3 51. Kg3 Rca2 52. Re8+ Kh7 53. Ra8
Re3 54. Kf2 Rea3 55. Rxa5 Rxa4 56. Rxa4 Rxa4 57. Rd1 Ra2 58. Rd6 Rb2 59. Ke3 Rb1
60. Kf4 Rb4+ 61. Nd4 Rb7 62. Kg3 Ra7 63. Nf5 Rb7 64. Nh4 Ra7 65. Ng6 Rb7 66. f4
Rb3+ 67. Kh4 Rb4 68. f5 h5 69. Kxh5 Rb5 70. Rd7 Rb1 71. Nf8+ Kg8 72. Ne6 Rh1+
73. Kg5 Rh7 74. Kf4 Rh1 75. Kg5 Kh8 76. Nxg7 {Black resigns} 1-0

[Event "Team 45 45 League T40"]
[Site "Internet Chess Club"]
[Date "2009.03.01"]
[Round "5"]
[White "raimundo"]
[Black "arriero55"]
[Result "1-0"]
[WhiteElo "1726"]
[BlackElo "1453"]
[Opening "Catalan: closed, 5.Nf3"]
[ECO "E06"]
[Time "14:00:39"]
[TimeControl "2700+45"]

1. d4 d5 2. c4 Nf6 3. Nf3 e6 4. g3 Be7 5. Bg2 Nbd7 6. Ne5 c6 7. Nc3 dxc4 8. Nxc4
Nd5 9. e4 N5b6 10. Nxb6 Nxb6 11. O-O O-O 12. Be3 Nc4 13. Bc1 f5 14. Qb3 Qxd4 15.
Rd1 Qc5 16. Bf1 Nd6 17. Be3 Qa5 18. Rd4 c5 19. Ra4 Qc7 20. e5 Nf7 21. Bc4 Qxe5
22. Bf4 Qf6 23. Re1 Kh8 24. Bxe6 Nd8 25. Bxc8 Rxc8 26. Nd5 {Black forfeits on
time} 1-0

[Event "Team 45 45 League T40"]
[Site "Internet Chess Club"]
[Date "2009.03.01"]
[Round "5"]
[White "jesterday"]
[Black "Bega"]
[Result "1-0"]
[WhiteElo "1965"]
[BlackElo "1797"]
[Opening "Center game: Berger variation"]
[ECO "C22"]
[Time "14:31:34"]
[TimeControl "2700+45"]

1. e4 e5 2. d4 exd4 3. Qxd4 Nc6 4. Qe3 Nf6 5. Nc3 Bb4 6. Bd2 d6 7. O-O-O Be6 8.
Bb5 O-O 9. f3 a5 10. g4 Ne5 11. h4 c6 12. Be2 Qc7 13. g5 Bc5 14. Qf4 Ng6 15. Qh2
Ne8 16. f4 Bd7 17. h5 Ne7 18. Qg2 f5 19. gxf6 Nxf6 20. Nf3 b5 21. f5 d5 22. e5
Ne8 23. f6 Nf5 24. fxg7 Rf7 25. h6 Be3 26. Ng5 Re7 27. Nxh7 Bxd2+ 28. Rxd2 Qxe5
29. Nf8 Nexg7 30. h7+ Kf7 31. Qg6+ {Black resigns} 1-0

[Event "Team 45 45 League T40"]
[Site "Internet Chess Club"]
[Date "2009.03.07"]
[Round "5"]
[White "ddlj81"]
[Black "makito"]
[Result "1/2-1/2"]
[WhiteElo "1827"]
[BlackElo "1812"]
[Opening "Petrov: classical attack"]
[ECO "C42"]
[Time "05:00:31"]
[TimeControl "2700+45"]

1. e4 e5 2. Nf3 Nf6 3. Nxe5 d6 4. Nf3 Nxe4 5. d4 d5 6. Bd3 Bb4+ 7. c3 Bd6 8.
Nbd2 O-O 9. O-O Re8 10. Re1 Nf6 11. Nf1 c6 12. Bg5 Rxe1 13. Qxe1 Be6 14. Ne5 h6
15. Bh4 Nbd7 16. f4 Qb6 17. Nxd7 Nxd7 18. f5 Ne5 19. Qg3 Nxd3 20. Qxd6 Bxf5 21.
Qg3 Qxb2 22. Rd1 Qxc3 23. Bf6 Bg6 24. Be5 Re8 25. h4 Rxe5 26. dxe5 Qc5+ 27. Kh2
Nf2 28. Re1 Ne4 29. Qg4 Qf2 30. Re3 Qxf1 31. Rf3 Qe1 32. h5 Ng5 33. Qc8+ Kh7 34.
hxg6+ fxg6 35. Rf8 Qxe5+ 36. Kh1 {Game drawn by mutual agreement} 1/2-1/2

[Event "Team 45 45 League T40"]
[Site "Internet Chess Club"]
[Date "2009.03.02"]
[Round "5"]
[White "besonegro"]
[Black "whitetiger"]
[Result "1/2-1/2"]
[WhiteElo "1736"]
[BlackElo "1855"]
[Opening "Sicilian: Kan, Maróczy bind (Réti variation)"]
[ECO "B41"]
[Time "13:03:57"]
[TimeControl "2700+45"]

1. e4 c5 2. Nf3 e6 3. d4 cxd4 4. Nxd4 a6 5. c4 Bc5 6. Nc3 d6 7. Be3 Nd7 8. Qd2
Ngf6 9. Be2 Bb4 10. f3 Qa5 11. Nb3 Bxc3 12. Nxa5 Bxd2+ 13. Bxd2 b6 14. Nb3 a5
15. Nd4 Bb7 16. Nb5 Ke7 17. Bg5 Rhd8 18. Rd1 h6 19. Bh4 g5 20. Bg3 Ne5 21. Bf2
Rac8 22. Bxb6 Rd7 23. b3 Nxe4 24. fxe4 Bxe4 25. O-O a4 26. Nc3 Bc2 27. Rc1 axb3
28. axb3 Bxb3 29. Ne4 f5 30. Nd2 Ba4 31. Ra1 Bc6 32. Rfb1 Nf7 33. Kf2 e5 34. Ra7
Rxa7 35. Bxa7 Ra8 36. Ra1 g4 37. Nb3 Ke6 38. Be3 Rxa1 39. Nxa1 h5 40. g3 Ba4 41.
Bd3 e4 42. Bc2 Bxc2 43. Nxc2 Ne5 44. Nd4+ Kf6 45. Ne2 Nxc4 46. Bd4+ Kg5 47. Nf4
h4 48. Ba7 hxg3+ 49. hxg3 Kf6 50. Bd4+ Kf7 51. Ke2 Ne5 52. Bc3 Nc4 53. Nd5 Ke6
54. Nc7+ Kd7 55. Nd5 Ke6 56. Nf4+ {Game drawn by mutual agreement} 1/2-1/2

[Event "Team 45 45 League T40"]
[Site "Internet Chess Club"]
[Date "2009.02.27"]
[Round "5"]
[White "siddhu"]
[Black "Orinal"]
[Result "0-1"]
[WhiteElo "1719"]
[BlackElo "1510"]
[Opening "Ruy Lopez: Marshall, main line, 14...Qh3"]
[ECO "C89"]
[Time "14:01:38"]
[TimeControl "2700+45"]

1. e4 e5 2. Nf3 Nc6 3. Bb5 a6 4. Ba4 b5 5. Bb3 Nf6 6. O-O Be7 7. Re1 O-O 8. c3
d5 9. exd5 Nxd5 10. Nxe5 Nxe5 11. Rxe5 c6 12. d4 Bd6 13. Re1 Qh4 14. g3 Qh3 15.
Qe2 Bg4 16. Qf1 Qh5 17. Nd2 f5 18. f3 Bh3 19. Qf2 Kh8 20. Bxd5 cxd5 21. f4 Rae8
22. Nf3 Qxf3 23. Rxe8 Qxf2+ 24. Kxf2 Rxe8 25. a4 b4 26. Bd2 Bg4 27. Re1 Rxe1 28.
Bxe1 bxc3 29. Bxc3 Bd1 30. a5 Kg8 31. b4 Ba4 32. Ke3 Kf7 33. Kd2 Ke7 34. Kc1 Kd7
35. Kb2 Kc6 36. Ka3 Kb5 37. Bd2 Bd1 38. Be1 Kc4 {White resigns} 0-1

[Event "Team 45 45 League T40"]
[Site "Internet Chess Club"]
[Date "2009.03.01"]
[Round "5"]
[White "GeofDeV"]
[Black "PawnMorphy"]
[Result "0-1"]
[WhiteElo "1888"]
[BlackElo "1947"]
[Opening "QGD semi-Slav: Stoltz variation"]
[ECO "D45"]
[Time "10:00:53"]
[TimeControl "2700+45"]

1. d4 d5 2. c4 c6 3. Nc3 Nf6 4. Nf3 e6 5. e3 Nbd7 6. Qc2 Bd6 7. Bd3 O-O 8. b3 e5
9. cxd5 cxd5 10. dxe5 Nxe5 11. Nxe5 Bxe5 12. Bb2 Be6 13. O-O Rc8 14. f4 Bxc3 15.
Bxc3 d4 16. exd4 Nd5 17. Bc4 Ne3 18. Qd3 Nxf1 19. Rxf1 Bxc4 20. bxc4 b6 21. f5
f6 22. c5 Qd5 23. cxb6 axb6 24. Bb4 Rfd8 25. Rd1 Qxa2 26. Qb5 Rc2 27. Qf1 Qd5
28. Rd3 Qc4 29. Be7 Rc1 30. Rd1 Qxf1+ 31. Rxf1 Rxf1+ 32. Kxf1 Rxd4 {White
resigns} 0-1

[Event "Team 45 45 League T40"]
[Site "Internet Chess Club"]
[Date "2009.03.01"]
[Round "5"]
[White "Rlopez"]
[Black "taulanipov"]
[Result "0-1"]
[WhiteElo "1708"]
[BlackElo "2047"]
[Opening "Nimzo-Indian: Leningrad variation"]
[ECO "E30"]
[Time "10:34:35"]
[TimeControl "2700+45"]

1. d4 Nf6 2. c4 e6 3. Nc3 Bb4 4. Bg5 b6 5. e3 Bb7 6. Nf3 h6 7. Bh4 Bxc3+ 8. bxc3
g5 9. Bg3 d6 10. Bd3 Ne4 11. Qc2 f5 12. O-O h5 13. h3 Nd7 14. Nd2 Ndf6 15. Bh2
Qe7 16. f3 Nxd2 17. Qxd2 O-O-O 18. a4 g4 19. d5 gxh3 20. gxh3 Rdg8+ 21. Kh1 h4
22. Qc2 Nh5 23. Rg1 Ng3+ 24. Bxg3 hxg3 25. Qg2 Qg7 26. dxe6 Rxh3+ 27. Qxh3 Rh8
28. Qxh8+ Qxh8+ 29. Kg2 Qh2+ 30. Kf1 Qf2# {White checkmated} 0-1

[Event "Team 45 45 League T40"]
[Site "Internet Chess Club"]
[Date "2009.02.28"]
[Round "5"]
[White "Kingofknights"]
[Black "AVEMARIA"]
[Result "1/2-1/2"]
[WhiteElo "1760"]
[BlackElo "1687"]
[Opening "Nimzo-Indian: 4.e3"]
[ECO "E40"]
[Time "10:00:38"]
[TimeControl "2700+45"]

1. d4 Nf6 2. c4 e6 3. Nc3 Bb4 4. e3 d5 5. Bd3 c5 6. a3 cxd4 7. axb4 dxc3 8. bxc3
dxc4 9. Bxc4 Qxd1+ 10. Kxd1 O-O 11. Ke2 b6 12. Nf3 Bb7 13. Bb2 Nc6 14. Ba6 Bxa6+
15. Rxa6 Nd5 16. Rha1 Rfc8 17. Kd2 Nc7 18. R6a2 a5 19. bxa5 Nxa5 20. Kc2 Nd5 21.
Ra4 Rab8 22. Nd4 Rc5 23. e4 Nf6 24. f3 Rbc8 25. Nb3 Nxb3 26. Kxb3 h5 27. Ra8 Nd7
28. Rxc8+ Rxc8 29. c4 Nc5+ 30. Kc3 e5 31. Rd1 Na4+ 32. Kb3 Nxb2 33. Kxb2 Rxc4
34. Rd6 Rb4+ 35. Kc3 Rb1 36. Rd8+ Kh7 37. Rd5 f6 38. Rd2 Rc1+ 39. Kb4 Kg6 40.
Kb5 Rb1+ 41. Kc6 b5 42. Kd6 Rc1 43. Ke6 Rc4 44. Kd5 Kg5 45. Rb2 Rd4+ 46. Kc5 b4
47. h3 Kf4 48. Re2 g5 49. Rb2 Kg3 50. Re2 Kh2 51. Rb2 Kg1 52. Rc2 Kf1 53. Rb2
Ke1 54. g4 h4 55. Ra2 b3 56. Ra6 b2 57. Rb6 Rd2 58. Kc4 Ke2 59. Rb3 Rc2+ 60. Kd5
Rd2+ 61. Ke6 b1=Q 62. Rxb1 Kxf3 63. Kxf6 {Game drawn by mutual agreement}
1/2-1/2

[Event "Team 45 45 League T40"]
[Site "Internet Chess Club"]
[Date "2009.02.26"]
[Round "5"]
[White "eurander"]
[Black "Ptzz"]
[Result "1/2-1/2"]
[WhiteElo "2205"]
[BlackElo "2105"]
[Opening "Sicilian: Alapin's variation (2.c3)"]
[ECO "B22"]
[Time "16:01:35"]
[TimeControl "2700+45"]

1. e4 c5 2. c3 g6 3. d4 cxd4 4. cxd4 d5 5. exd5 Nf6 6. Bb5+ Nbd7 7. Nc3 Bg7 8.
d6 exd6 9. Bf4 Qe7+ 10. Qe2 Qxe2+ 11. Ngxe2 Ke7 12. Kd2 Nb6 13. Rhe1 Be6 14. Bg5
h6 15. Bxf6+ Bxf6 16. d5 Bd7 17. Nd4+ Kd8 18. Kd3 a6 19. Bxd7 Kxd7 20. Re4 Bxd4
21. Kxd4 Rhe8 22. Rae1 Rxe4+ 23. Nxe4 Rc8 24. Nf6+ Kc7 25. Rc1+ Kd8 26. Rxc8+
Nxc8 27. g4 Nb6 28. Ng8 h5 29. gxh5 gxh5 30. Nh6 Ke7 31. Nf5+ Kd7 32. b3 Nc8 33.
Ke4 Na7 34. a4 a5 35. Nd4 Nc8 36. Nf5 Na7 37. h4 b5 38. Ng7 bxa4 39. bxa4 Nc8
40. Nxh5 Nb6 41. Ng3 Nxa4 42. h5 Nc5+ 43. Kf5 Ke7 44. h6 Kf8 45. Ne4 Nxe4 46.
Kxe4 Kg8 47. Kd4 Kh7 48. Kc4 Kxh6 49. Kb5 Kg5 50. Kxa5 Kf4 51. Kb6 Ke5 52. Kc6
f5 53. f4+ Kxf4 54. Kxd6 {Game drawn by mutual agreement} 1/2-1/2

[Event "Team 45 45 League T40"]
[Site "Internet Chess Club"]
[Date "2009.03.01"]
[Round "5"]
[White "Zumbi"]
[Black "pestka"]
[Result "0-1"]
[WhiteElo "2059"]
[BlackElo "2224"]
[Opening "Pirc defense"]
[ECO "B07"]
[Time "15:03:50"]
[TimeControl "2700+45"]

1. e4 d6 2. d4 Nf6 3. Nc3 Nbd7 4. f4 e5 5. dxe5 dxe5 6. fxe5 Nxe5 7. Qxd8+ Kxd8
8. Nf3 Bd6 9. Bg5 c6 10. O-O-O Kc7 11. Be2 Nfg4 12. Rxd6 Kxd6 13. Rf1 f6 14.
Rd1+ Ke7 15. Bf4 Rd8 16. h3 Rxd1+ 17. Nxd1 Nxf3 18. Bxf3 Ne5 19. Be2 Be6 20. Be3
b6 21. b3 Rd8 22. Nc3 g5 23. a4 Kd6 24. Bd1 Kc7 25. Ne2 Bf7 26. Nd4 Re8 27. Kd2
Bg6 28. Bf3 h5 29. Nf5 Bxf5 30. exf5 Nxf3+ 31. gxf3 Rd8+ 32. Kc3 Rd5 33. f4 g4
34. hxg4 hxg4 35. Bd4 Rxf5 36. Bf2 Rd5 37. Bg3 f5 {White resigns} 0-1

[Event "Team 45 45 League T40"]
[Site "Internet Chess Club"]
[Date "2009.02.28"]
[Round "5"]
[White "tourettes"]
[Black "pishd"]
[Result "0-1"]
[WhiteElo "1713"]
[BlackElo "1794"]
[Opening "Scandinavian gambit"]
[ECO "B10"]
[Time "12:07:36"]
[TimeControl "2700+45"]

1. e4 c6 2. c4 d5 3. exd5 Nf6 4. Nc3 cxd5 5. cxd5 Nxd5 6. Bc4 Nb6 7. Bb3 Nc6 8.
Nf3 g6 9. d3 Bg7 10. O-O O-O 11. Re1 Re8 12. Bxf7+ Kxf7 13. Ng5+ Kg8 14. Qb3+ e6
15. a4 Nd4 16. Qd1 h6 17. Nge4 e5 18. f4 Bf5 19. fxe5 Rxe5 20. Bf4 Re6 21. g4
Bxe4 22. Nxe4 Nc6 23. Rb1 Qd5 24. b4 Rd8 25. a5 Nc8 26. Nf2 Rde8 27. Ne4 Rd8 28.
Nf2 Rxe1+ 29. Qxe1 Rf8 30. Qd2 Ne5 31. Bxe5 Qxe5 32. Re1 Qd5 33. Ne4 Bd4+ 34.
Kh1 Kg7 35. Qc2 Qc6 36. Qb1 Nd6 37. Rc1 Qd7 38. Re1 Qxg4 39. Qc2 Qf3+ 40. Qg2
Qxg2+ 41. Kxg2 Nxe4 42. Rxe4 Bf6 43. Rc4 Rf7 44. Rc8 Rd7 45. Kf2 Be5 46. h3 Kf6
47. Rf8+ Kg5 48. Ke3 Kh4 49. Re8 Bd4+ 50. Ke4 Kxh3 51. Re6 g5 52. Rxh6+ Kg3 53.
Rg6 Kg4 54. b5 Bc3 55. a6 b6 56. Rg8 Rd4+ 57. Ke3 Rb4 58. Ra8 Rxb5 59. Rxa7 Ra5
60. d4 Ra4 61. d5 b5 62. Ra8 b4 63. d6 b3 64. d7 Bf6 65. d8=Q Bxd8 66. Rxd8 Rxa6
67. Rd4+ Kg3 68. Rb4 Rf6 69. Kd2 Rf3 {White resigns} 0-1

[Event "Team 45 45 League T40"]
[Site "Internet Chess Club"]
[Date "2009.03.01"]
[Round "5"]
[White "MRX"]
[Black "vollmerj"]
[Result "1-0"]
[WhiteElo "1718"]
[BlackElo "1677"]
[Opening "Nimzovich-Larsen attack: Indian variation"]
[ECO "A01"]
[Time "08:01:35"]
[TimeControl "2700+45"]

1. b3 Nf6 2. Bb2 e6 3. e3 g6 4. f4 Bg7 5. Nf3 O-O 6. Be2 d5 7. O-O c5 8. Qe1 Nc6
9. Qh4 Ne4 10. Qxd8 Rxd8 11. Bxg7 Kxg7 12. d3 Nd6 13. Re1 Nf5 14. Bf1 d4 15.
exd4 Nfxd4 16. Nxd4 Nxd4 17. Na3 b5 18. c3 b4 19. cxd4 bxa3 20. dxc5 Ba6 21.
Rad1 Rd4 22. Re4 Rad8 23. Rxd4 Rxd4 24. g3 Kf8 25. Kf2 Ke7 26. Ke3 Rd8 27. d4
Kd7 28. Bxa6 Kc6 {Black resigns} 1-0